 Dungeon Crawl Stone Soup version 0.31.0-32-g396128a36d (webtiles) character file.

Game seed: 7535979778571502006

76340 FallenXxXSky the Executioner (level 15, 0/207 HPs)
             Began as a Hill Orc Berserker on Mar 9, 2024.
             Was the Champion of Trog.
             Succumbed to a meliai's poison
             ... on level 14 of the Dungeon.
             The game lasted 00:39:40 (22136 turns).

FallenXxXSky the Executioner (Hill Orc Berserker)  Turns: 22136, Time: 00:39:41

Health: 0/207      AC: 26    Str: 28    XL:     15   Next: 53%
Magic:  15/15      EV: 11    Int:  7    God:    Trog [******]
Gold:   2809       SH:  5    Dex: 10    Spells: 14/14 levels left

rFire   . . .        O - +5 executioner's axe (heavy)
rCold   . . .        (shield currently unavailable)
rNeg    . . .        X - +0 plate armour
rPois   .            i - +2 helmet
rElec   .            E - +0 cloak
rCorr   .            V - +0 pair of gloves
SInv    .            G - +2 pair of boots
Will    ++...        C - amulet of reflection Stlth
                     m - +4 ring of slaying
HPRegen 0.54/turn    R - ring of willpower
MPRegen 0.14/turn

%: reflection
@: berserking, lethally poisoned (0 -> -38), very quick
A: no striking features
a: Renounce Religion, Berserk, Trog's Hand, Brothers in Arms


You were on level 14 of the Dungeon.
You worshipped Trog.
Trog was exalted by your worship.
You visited 3 branches of the dungeon, and saw 21 of its levels.
You also visited: Ossuary.

You collected 2809 gold pieces.

Inventory:

Hand Weapons
 K - a +3 battleaxe of freezing
 O - a +5 heavy executioner's axe (weapon)
Missiles
 L - 3 throwing nets (quivered)
Armour
 i - a +2 helmet (worn)
 E - a +0 cloak (worn)
 G - a +2 pair of boots (worn)
 V - a +0 pair of gloves (worn)
 X - a +0 plate armour (worn)
Jewellery
 a - a ring of protection from cold
 m - a +4 ring of slaying (left hand)
 p - a ring of see invisible
 q - a ring of resist corrosion
 C - an amulet of reflection (around neck)
 N - a ring of flight
 Q - a ring of protection from fire
 R - a ring of willpower (right hand)
 Y - a +5 ring of evasion
Wands
 k - a wand of paralysis (12)
 n - a wand of flame (13)
 s - a wand of mindburst (9)
 t - a wand of polymorph (19)
 M - a wand of iceblast (11)
 S - a wand of digging (12)
Scrolls
 b - 3 scrolls of vulnerability {unknown}
 e - 7 scrolls of teleportation
 f - 7 scrolls of fear {unknown}
 j - 4 scrolls of poison {unknown}
 o - 3 scrolls of immolation {unknown}
 u - a scroll of enchant weapon
 w - 2 scrolls of fog
 y - 3 scrolls of revelation
 z - a scroll of silence
 B - a scroll of acquirement {unknown}
 D - 5 scrolls of blinking {unknown}
 F - 3 scrolls of noise {unknown}
 P - 3 scrolls of butterflies
 T - a scroll of brand weapon {unknown}
Potions
 c - 12 potions of curing
 g - 4 potions of enlightenment
 h - a potion of magic {unknown}
 l - 5 potions of might {unknown}
 r - 4 potions of lignification {unknown}
 v - 5 potions of mutation
 x - 4 potions of resistance {unknown}
 A - a potion of cancellation {unknown}
 H - 3 potions of invisibility {unknown}
 I - 4 potions of haste {unknown}
 J - 6 potions of brilliance {unknown}
 U - 3 potions of heal wounds {unknown}
 W - 3 potions of berserk rage {unknown}
Miscellaneous
 Z - a phantom mirror


   Skills:
 + Level 14.2 Fighting
 + Level 23.0 Axes
 + Level 12.9 Armour
 + Level 10.0 Dodging
 - Level 4.0 Shields


You had 14 spell levels left.
You didn't know any spells.
Your spell library was empty.

Dungeon Overview and Level Annotations

Branches:
Dungeon (14/15)            Temple (0/1) D:6            Lair (5/5) D:11
 Shoals (0/4) Lair:3       Spider (0/4) Lair:3        Slime (0/5) Lair:5
    Orc (2/2) D:9         Ossuary (visited)
    Elf: Orc:2       Vaults: D:13-14

Altars:
Ashenzari
Dithmenos
Fedhas
Hepliaklqana
Nemelex Xobeh
Qazlal
Wu Jian
Zin
Jiyva

Shops:
D:3 (   D:5 =   D:7 *   D:11 *

Annotations:
Lair:3 Kirke
Lair:5 exclusion: oklob plant


Message History

The meliai poisons you! The meliai hits you but does no damage.
The meliai stings you but does no damage.
You barely miss the meliai.
The arcanist shouts!
You slice the meliai!!
You feel very sick. The meliai hits you with a +0 hand axe!
* * * LOW HITPOINT WARNING * * *
The meliai stings you.
* * * LOW HITPOINT WARNING * * *
You are more poisoned.
The meliai poisons you! The meliai hits you but does no damage.
The meliai stings you but does no damage.
The meliai mumbles some strange prayers to its god against you.
Something smites you!
* * * LOW HITPOINT WARNING * * *
The meliai hits you with a +0 hand axe.
* * * LOW HITPOINT WARNING * * *
The meliai stings you.
* * * LOW HITPOINT WARNING * * *
You slice the meliai!!
The meliai is severely wounded.
You slash the meliai!
You kill the meliai!
Trog accepts your kill.
* * * LOW HITPOINT WARNING * * *
You feel very sick. The meliai hits you but does no damage.
The meliai stings you.
* * * LOW HITPOINT WARNING * * *
You are more poisoned.
The meliai poisons you!
You slice the meliai!!
You kill the meliai!
Trog accepts your kill.
* * * LOW HITPOINT WARNING * * *
You feel extremely sick.
* * * LOW HITPOINT WARNING * * *
You feel extremely sick.
You feel a strong urge to attack something.
You die...

#......
#.....#
#.....### .
.####.......#
..
...........#
...
.....p...#
### #......#
#..@...#
#......#
#.)....#
#.)###.## #..
#..# #.. #..#
#.. #..# #..
#..# # #..
#..#


You could see an arcanist.

Vanquished Creatures
  A dire elephant (Lair:5)
  6 hydras
  A catoblepas (Lair:5)
  5 centaur warriors
  A death knight (D:12)
  4 boulder beetles
  A deep troll shaman (Lair:5)
  4 two-headed ogres
  14 death yaks (Lair:5)
  Sonja (Lair:3)
  2 skysharks (Lair:5)
  2 orc knights
  A deep elf zephyrmancer (D:12)
  An ugly thing (D:13)
  5 deep elf pyromancers
  6 cyclopes
  2 oklob plants
  A wolf spider (D:12)
  4 meliai
  A kobold blastminer (Orc:1)
  8 elephants (Lair:5)
  3 black mambas
  A black mamba (shapeshifter) (D:13)
  A gargoyle (D:13)
  A torpor snail (Lair:3)
  Joseph (D:7)
  8 slime creatures
  8 cane toads
  A kobold demonologist (D:12)
  Jeremiah (Lair:1)
  3 rime drakes
  7 unseen horrors (D:12)
  2 freezing wraiths (D:12)
  10 komodo dragons
  An efreet (D:12)
  2 tengu conjurers (D:13)
  4 polar bears
  4 merfolk (Lair:3)
  8 trolls
  A hornet (D:9)
  10 blink frogs
  14 dream sheep
  A centaur simulacrum (D:12)
  A vampire (D:12)
  A wraith (D:12)
  50 yaks
  A spriggan (Lair:3)
  2 basilisks
  2 culicivoras (Lair:3)
  3 hogs (Lair:3)
  A warg (D:9)
  2 steam dragons (D:6)
  8 vampire mosquitoes
  5 wyverns
  Edmund (D:6)
  2 acid dragons (D:12)
  10 water moccasins
  7 orc warriors
  A sky beast (D:6)
  2 ice beasts (D:6)
  3 laughing skulls
  2 black bears
  3 ogres
  16 wolves
  11 centaurs
  4 kobold brigands
  3 bullfrogs
  4 scorpions
  3 gnoll sergeants
  12 wights
  5 water moccasin zombies (Ossuary)
  A burial acolyte (Ossuary)
  8 killer bees
  6 electric eels
  5 howler monkeys
  5 bombardier beetles
  A gnoll bouda (D:8)
  7 hounds
  2 jellies
  A spectral scorpion (Ossuary)
  12 orc priests
  A sleepcap (D:7)
  3 iguanas
  12 orc wizards
  5 hell rats (Lair:1)
  2 crocodile zombies (Ossuary)
  2 mummies (Ossuary)
  Robin (D:2)
  25 gnolls
  7 adders
  2 shadow imps
  13 white imps
  2 adder zombies (Ossuary)
  A ribbon worm (D:3)
  4 dart slugs
  59 orcs
  5 ball pythons
  7 bats
  2 endoplasms
  5 giant cockroaches
  9 hobgoblins
  12 jackals
  7 quokkas
  4 frilled lizards
  8 gnoll zombies (Ossuary)
  16 goblins
  5 jackal zombies (Ossuary)
  27 kobolds
  5 orc zombies (Ossuary)
  2 rats
  A butterfly (Lair:2)
630 creatures vanquished.

Vanquished Creatures (others)
  An orc wizard (D:6)
  A kobold (D:7)
2 creatures vanquished.

Grand Total: 632 creatures vanquished

Notes
Turn   | Place    | Note
-------+----------+-------------------------------------------
     0 | D:1      | FallenXxXSky the Hill Orc Berserker began the quest for the
                  | Orb.
     0 | D:1      | Reached XP level 1. HP: 19/19 MP: 1/1
   148 | D:1      | Reached XP level 2. HP: 24/27 MP: 2/2
   349 | D:1      | Reached XP level 3. HP: 24/33 MP: 3/3
   460 | D:1      | Found a faded altar of an unknown god.
   865 | D:2      | Noticed Robin
   876 | D:2      | Killed Robin
   876 | D:2      | Reached ** piety under Trog
   877 | D:2      | Reached skill level 5 in Axes
   884 | D:2      | Reached XP level 4. HP: 25/40 MP: 4/4
  1762 | D:3      | Reached XP level 5. HP: 39/47 MP: 5/5
  1901 | D:3      | Found a shadowy altar of Dithmenos.
  2067 | D:3      | Reached skill level 6 in Axes
  2130 | D:3      | Found Venoeri's Weapon Boutique.
  2181 | D:3      | Found a stormy altar of Qazlal.
  2181 | D:3      | Found a sparkling altar of Nemelex Xobeh.
  2181 | D:3      | Found an ornate altar of the Wu Jian Council.
  2540 | D:3      | Found a hazy altar of Hepliaklqana.
  2591 | D:3      | Reached XP level 6. HP: 53/53 MP: 6/6
  2905 | D:4      | Reached *** piety under Trog
  2999 | D:4      | Reached skill level 5 in Fighting
  3057 | D:4      | Reached skill level 7 in Axes
  3104 | D:4      | Noticed a black bear
  3114 | D:4      | Killed a black bear
  3115 | D:4      | Reached XP level 7. HP: 50/61 MP: 7/7
  3842 | D:5      | Entered Level 5 of the Dungeon
  4073 | D:5      | Found Xeshrymny's Jewellery Shop.
  4205 | D:5      | Reached skill level 8 in Axes
  4617 | D:6      | Noticed a steam dragon
  4631 | D:6      | Reached XP level 8. HP: 60/70 MP: 8/8
  4633 | D:6      | Reached skill level 1 in Shields
  4764 | D:6      | Reached skill level 5 in Armour
  4783 | D:6      | Reached skill level 9 in Axes
  5101 | D:6      | Noticed Edmund
  5136 | D:6      | Killed Edmund
  5332 | D:6      | Found a broken altar of Ashenzari.
  5485 | D:6      | Found a staircase to the Ecumenical Temple.
  5496 | D:6      | Reached **** piety under Trog
  5507 | D:6      | Reached XP level 9. HP: 61/78 MP: 9/9
  5686 | D:6      | Reached skill level 10 in Axes
  6080 | D:7      | Found Zicyahas's Overcharged Wands.
  6221 | D:7      | Noticed Joseph
  6238 | D:7      | Killed Joseph
  6239 | D:7      | Reached skill level 11 in Axes
  6343 | D:7      | Found a sand-covered staircase.
  6430 | Ossuary  | Entered an ossuary
  6539 | Ossuary  | Reached skill level 5 in Dodging
  6635 | Ossuary  | Reached ***** piety under Trog
  6643 | Ossuary  | Reached XP level 10. HP: 71/88 MP: 10/10
  7090 | D:7      | Reached skill level 12 in Axes
  7794 | D:8      | Reached skill level 13 in Axes
  8400 | D:9      | Noticed a two-headed ogre
  8420 | D:9      | Killed a two-headed ogre
  8421 | D:9      | Reached skill level 14 in Axes
  8453 | D:9      | Reached skill level 15 in Axes
  8582 | D:9      | Noticed a two-headed ogre
  8590 | D:9      | Killed a two-headed ogre
  8591 | D:9      | Reached XP level 11. HP: 55/94 MP: 11/11
  8730 | D:9      | Found a glowing silver altar of Zin.
  8786 | D:9      | Identified the +5 leather armour of Eseajaps {rElec Int+3
                  | Stlth+}
  8842 | D:9      | Found a blossoming altar of Fedhas.
  9004 | D:9      | Found a staircase to the Orcish Mines.
  9012 | D:9      | Reached skill level 16 in Axes
  9463 | D:10     | Entered Level 10 of the Dungeon
  9544 | Orc:1    | Entered Level 1 of the Orcish Mines
  9548 | Orc:1    | Reached skill level 17 in Axes
  9751 | Orc:1    | Noticed an orc knight
  9765 | Orc:1    | Killed an orc knight
 10065 | Orc:2    | Entered Level 2 of the Orcish Mines
 10178 | Orc:2    | Noticed an orc sorcerer
 10178 | Orc:2    | Noticed an orc warlord
 10178 | Orc:2    | Noticed an orc sorcerer
 10179 | Orc:2    | Noticed an orc knight
 10188 | Orc:1    | Reached skill level 18 in Axes
 10191 | Orc:2    | Noticed an orc knight
 10581 | D:10     | Noticed a two-headed ogre
 10587 | D:10     | Killed a two-headed ogre
 10636 | D:10     | Received a gift from Trog
 11210 | D:11     | Found Hiotre's Gadget Gallery.
 11336 | D:11     | Reached skill level 19 in Axes
 11351 | D:11     | Noticed a cyclops
 11357 | D:11     | Killed a cyclops
 11452 | D:11     | Noticed a boulder beetle
 11453 | D:11     | Found a staircase to the Lair.
 11460 | D:11     | Reached XP level 12. HP: 69/102 MP: 12/12
 11832 | D:11     | Identified the +7 halberd "Laval" {venom, Str+5 Dex+3}
 12024 | D:11     | Reached skill level 20 in Axes
 12091 | D:11     | Killed a boulder beetle
 12201 | Lair:1   | Entered Level 1 of the Lair of Beasts
 12219 | Lair:1   | Noticed Jeremiah
 12228 | Lair:1   | Killed Jeremiah
 12655 | Lair:1   | Noticed a six-headed hydra
 12670 | Lair:1   | Killed a 14-headed hydra
 12982 | Lair:1   | Identified the +10 hand axe of the Shallot {heavy, rN+}
 13198 | Lair:1   | Noticed a seven-headed hydra
 13206 | Lair:1   | Killed an 11-headed hydra
 13679 | Lair:2   | Reached skill level 10 in Fighting
 13726 | Lair:2   | Noticed a four-headed hydra
 13733 | Lair:2   | Reached XP level 13. HP: 113/113 MP: 13/13
 14254 | Lair:3   | Found a hole to the Spider Nest.
 14302 | Lair:3   | Reached ****** piety under Trog
 14305 | Lair:3   | Received a gift from Trog
 14325 | Lair:3   | Reached skill level 21 in Axes
 14601 | Lair:3   | Noticed Kirke
 15034 | Lair:3   | Noticed Sonja
 15050 | Lair:3   | Killed Sonja
 15391 | Lair:3   | Reached skill level 10 in Armour
 15518 | Lair:3   | Found a staircase to the Shoals.
 16272 | Lair:4   | Received a gift from Trog
 16915 | Lair:5   | Entered Level 5 of the Lair of Beasts
 17046 | Lair:5   | Reached XP level 14. HP: 122/125 MP: 14/14
 17322 | Lair:5   | Reached skill level 22 in Axes
 17685 | Lair:5   | Found a runed translucent door.
 18379 | Lair:5   | Found a viscous altar of Jiyva.
 18380 | Lair:5   | Found a staircase to the Slime Pits.
 18470 | Lair:5   | Noticed a dire elephant
 18481 | Lair:5   | Killed a dire elephant
 18788 | D:12     | Found a gate leading to a gauntlet.
 19594 | D:12     | Identified the +9 shortbow of Zolepor {freeze, rPois}
 19608 | D:12     | Identified the +7 shortbow of Nuyral {freeze, rElec rC+
                  | Dex+3 SInv}
 19631 | D:12     | Received a gift from Trog
 19746 | D:12     | Reached XP level 15. HP: 136/136 MP: 15/15
 21400 | D:13     | Received a gift from Trog
 21401 | D:13     | Reached skill level 23 in Axes
 21980 | D:14     | Reached skill level 10 in Dodging
 21995 | D:14     | Identified the +2 robe of Parecaoq {rF- Str+8 Int+3 Dex-3}
 22135 | D:14     | HP: 6/207 [poisoned by a meliai]
 22136 | D:14     | Succumbed to a meliai's poison

Illustrated notes

Levels and vault maps discovered:
D:1:      dpeg_arrival_simpleton_c, layout_basic,
          dreamdust_ecumenical_altar_statues
D:2:      layout_loops_ring, wad_orctagon, uniq_robin
D:3:      layout_loops_ring, nzn_hepliaklqana_mist_gate,
          mainiacjoe_overflow_catwalk, gammafunk_temple_overflow_claw,
          serial_shops, shop
D:4:      layout_loops_cross, skrybe_limestone_x,
          minmay_fractal_squares_gapless_5
D:5:      layout_loops_ring, minmay_shop_enchanted_jewellery
D:6:      cheibrodos_steamvent, layout_basic, evilmike_ruin_ashenzari,
          minmay_temple_entry_gardened_gates, gup_sewer_entry_pipe,
          kennysheep_potato, uniq_edmund
D:7:      layout_cave_pods, enter_ossuary_5, dk_noncrumbling_4,
          grunt_decor_fettered, nicolae_shop_overcharged_wands, uniq_joseph
D:8:      layout_cave_pools
D:9:      layout_loops_ring, zin_treasury, mainiacjoe_overflow_surrounded_room,
          erik_orc_3
D:10:     layout_cave_pools, disabler_island
D:11:     layout_gridville, erik_lair_island, portal_ice_cave_entry_imps,
          nicolae_shop_gadgets
D:12:     minmay_the_grid_square_5x5_5x5 [minmay_the_grid_square_5x5_two_small,
          minmay_the_grid_square_5x5_spiral, minmay_the_grid_square_5x5_corner,
          minmay_the_grid_square_5x5_eight,
          minmay_the_grid_square_5x5_trominoes, minmay_the_grid_square_5x5_v,
          minmay_the_grid_square_5x5_prize_snowflake,
          minmay_the_grid_square_5x5_three_walls,
          minmay_the_grid_square_5x5_prize_gold,
          minmay_the_grid_square_5x5_plus, minmay_the_grid_square_5x5_six,
          minmay_the_grid_square_5x5_tetrominoes,
          minmay_the_grid_square_5x5_prize_itemx,
          minmay_the_grid_square_5x5_inner_v,
          minmay_the_grid_square_5x5_one_wall,
          minmay_the_grid_square_5x5_bridge,
          minmay_the_grid_square_5x5_prize_junk,
          minmay_the_grid_square_5x5_checkered_sparse,
          minmay_the_grid_square_5x5_prize_deathbox,
          minmay_the_grid_square_5x5_dogpile,
          minmay_the_grid_square_5x5_checkered,
          minmay_the_grid_square_5x5_hourglass,
          minmay_the_grid_square_5x5_eight_small,
          minmay_the_grid_square_5x5_shrine2, minmay_the_grid_square_5x5_slash],
          layout_stronghold, gauntlet_entry_generic
D:13:     layout_stronghold
D:14:     layout_long_grid, hellmonk_vaults_order_and_chaos, enter_trove_2,
          dreamdust_princess_bridge, serial_shops,
          nicolae_shop_tiny_real_fake_doors, minmay_misc_feat_nine_boxes
Lair:1:   layout_chaotic_city, minmay_lair_oklob_items, grunt_megastairs_1,
          infiniplex_staircase_pool, uniq_jeremiah
Lair:2:   layout_hall_layers, grunt_megastairs_5, lemuel_fruit_fields
Lair:3:   layout_roguey, elwin_shoals_entry_stream,
          hellmonk_spider_entry_life_and_decay, chequers_serial_rivers_large_a,
          grunt_forest_large_clearings, uniq_kirke, uniq_sonja
Lair:4:   layout_regular_city
Lair:5:   grunt_lair_end_beastmaster, layout_regular_city, slime_entry_2,
          minmay_lair_oklob_bushes, infiniplex_staircase_pool_2
Orc:1:    layout_caves
Orc:2:    st_orc_congregation, layout_caves, serial_shops, shop

Skill      XL: |  1  2  3  4  5  6  7  8  9 10 11 12 13 14 15 |
---------------+----------------------------------------------+-----
Fighting       | 4 5 6 7 8 10 11 13 14 | 14.2
Dodging        | 2 3 4 5 6 8 9 10 | 10.0
Axes           | 5 6 7 8 9 11 15 19 20 21 22 23 | 23.0
Armour         | 3 4 5 6 7 8 10 12 | 12.9
Shields        | 2 4 |  4.0

Action                     |  1- 3 |  4- 6 |  7- 9 | 10-12 | 13-15 || total
---------------------------+-------+-------+-------+-------+-------++-------
  Melee: Hand axe          |   100 |    58 |       |       |       ||   158
         Punch             |     1 |     5 |       |       |       ||     6
         War axe           |       |   152 |   422 |    26 |       ||   600
         Battleaxe         |       |       |       |   492 |   486 ||   978
         Unarmed           |       |       |       |       |     2 ||     2
         Executioner's axe |       |       |       |       |   109 ||   109
 Invoke: Berserk           |     1 |     1 |     2 |     4 |     3 ||    11
         Trog's Hand       |       |       |       |     1 |       ||     1
  Evoke: Wand              |       |       |       |       |     1 ||     1
    Use: Scroll            |     1 |       |     4 |     3 |    13 ||    21
   Stab: Petrified         |       |       |       |       |     4 ||     4
 Armour: Animal skin       |     6 |       |       |       |       ||     6
         Ring mail         |    69 |    35 |       |       |       ||   104
         Scale mail        |       |   120 |    48 |       |       ||   168
         Chain mail        |       |       |   179 |   429 |       ||   608
         Plate armour      |       |       |       |    14 |   563 ||   577
         Skin              |       |       |       |       |     4 ||     4
  Dodge: Dodged            |    69 |   128 |   135 |   247 |   240 ||   819
  Block: Buckler           |       |       |   109 |    17 |       ||   126
         Reflection        |       |       |     6 |     6 |     9 ||    21
         Other             |       |       |       |    92 |   122 ||   214
